 Dungeon Crawl Stone Soup version 0.25-a0-549-g6e6e650 (webtiles) character file.

Game seed: 7000574091223041533, levelgen mode: deterministic

91 Firecrotchwizard the Chopper (level 4, -4/40 HPs)
             Began as a Hill Orc Fighter on Feb 24, 2020.
             Slain by a gnoll
             ... wielding a +0 spear
              (6 damage)
             ... on level 3 of the Dungeon.
             The game lasted 00:02:51 (1710 turns).

Firecrotchwizard the Chopper (Hill Orc Fighter)     Turns: 1710, Time: 00:02:52

Health: -4/40      AC:  7    Str: 19    XL:     4   Next: 57%
Magic:  4/4        EV:  7    Int:  8    God:
Gold:   136        SH:  9    Dex: 10    Spells: 3/3 levels left

rFire    . . .     SeeInvis .   a - +0 war axe
rCold    . . .     Gourm    .   c - +0 kite shield
rNeg     . . .     Faith    .   b - +0 scale mail
rPois    .         Spirit   .   (no helmet)
rElec    .         Reflect  .   (no cloak)
rCorr    +         Harm     .   (no gloves)
MR       .....                  (no boots)
Stlth    ..........             (no amulet)
HPRegen  0.13/turn              m - ring of resist corrosion
MPRegen  0.09/turn              (no ring)

@: no status effects
A: no striking features
a: no special abilities


You were on level 3 of the Dungeon.
You were not hungry.

You visited 1 branch of the dungeon, and saw 3 of its levels.

You collected 136 gold pieces.

Inventory:

Hand Weapons
 a - a +0 war axe (weapon)
Missiles
 p - 5 curare-tipped darts
Armour
 b - a +0 scale mail (worn)
 c - a +0 kite shield (worn)
 o - a +0 plate armour
   (You found it on level 1 of the Dungeon)
Jewellery
 m - a ring of resist corrosion (left hand)
   (You found it on level 1 of the Dungeon)
Scrolls
 e - 4 scrolls of identify {unknown}
 j - a scroll of blinking {unknown}
 l - 2 scrolls of teleportation {unknown}
 q - 2 scrolls of enchant weapon {unknown}
 s - a scroll of random uselessness {unknown}
Potions
 d - a potion of might
 g - 3 potions of lignification {unknown}
 i - a potion of flight {unknown}
 k - a potion of resistance {unknown}
 n - a potion of berserk rage {unknown}
 r - 2 potions of heal wounds {unknown}
Comestibles
 f - 3 rations
 h - a chunk of flesh {@w0}


   Skills:
 + Level 4.3 Fighting
 * Level 4.4 Axes
 + Level 3.8 Armour
 + Level 3.9 Shields


You had 3 spell levels left.
You didn't know any spells.
Your spell library was empty.

Dungeon Overview and Level Annotations

Branches:
Dungeon (3/15)

Altars:
Hepliaklqana
Wu Jian


Message History

There is a stone staircase leading up here.
You now have 129 gold pieces (gained 18).
Eating one of 2 chunks of flesh {@w0}.
You eat one of the 2 chunks of flesh {@w0}.
s - a scroll labeled UGGUSHR EFFEGA A bat comes into view.
The bat hits you.
You take 1 damage, and have 39/40 hp.
A bat is nearby!
You closely miss the bat. The bat hits you but does no damage.
You block the bat's attack.
Health restored: 40 You closely miss the bat.
The bat hits you.
You take 1 damage, and have 39/40 hp.
You slash the bat!
You kill the bat!
No target in view!
You butcher the bat corpse.
h - 2 chunks of flesh {@w0} (gained 1)
You see here a bat skeleton. x2
Found a stone staircase leading down.
Health restored: 40 You now have 136 gold pieces (gained 7).
Done exploring.
(D) Dungeon
Where to? (Enter - D:2, ? - help)
There is a stone staircase leading down here.
You climb downwards.
A kobold comes into view. It is wielding a +0 whip.
There is a stone staircase leading up here.
You block the kobold's attack.
You hit the kobold but do no damage. The kobold hits you but does no damage.
A gnoll comes into view. It is wielding a +0 flail.
You closely miss the kobold.
The gnoll shouts!
The kobold barely misses you.
A bat comes into view.
You hit the kobold but do no damage. The kobold hits you but does no damage.
The kobold hits you with a +0 whip.
You take 4 damage, and have 36/40 hp.
You closely miss the kobold. You block the kobold's attack.
You closely miss the kobold. The kobold barely misses you.
You hit the kobold. You block the kobold's attack.
The kobold barely misses you.
A gnoll comes into view. It is wielding a +0 spear.
You closely miss the kobold.
A gnoll comes into view. It is wielding a +0 whip.
You block the kobold's attack.
You closely miss the kobold. You block the kobold's attack.
You slash the kobold!
You kill the kobold!
The bat barely misses you.
You hit the gnoll. The gnoll barely misses you. You block the gnoll's attack.
You hit the gnoll. You block the gnoll's attack.
You slash the gnoll! The gnoll closely misses you.
You closely miss the gnoll. You block the gnoll's attack.
The gnoll hits you but does no damage.
The gnoll hits you from afar with a +0 spear.
You take 3 damage, and have 35/40 hp.
You barely miss the gnoll. The gnoll hits you with a +0 whip!
The gnoll barely misses you.
You take 9 damage, and have 26/40 hp.
MASSIVE DAMAGE!!
You barely miss the gnoll. The gnoll hits you with a +0 whip.
You block the gnoll's attack. The gnoll barely misses you.
You take 1 damage, and have 25/40 hp.
You slash the gnoll! The gnoll barely misses you.
The gnoll hits you with a +0 whip. The gnoll hits you but does no damage.
You slash the gnoll!
You kill the gnoll!
You block the bat's attack. x2; You block the gnoll's attack.
Some of the chunks of flesh in your inventory have rotted away.
You completely miss the bat. You block the bat's attack.
The bat hits you but does no damage. The gnoll closely misses you.
The bat closely misses you.
You slash the bat!
You kill the bat!
The gnoll hits you but does no damage. x2; The gnoll hits you with a +0 flail!
You take 9 damage, and have 16/40 hp.
MASSIVE DAMAGE!!
You barely miss the gnoll.
The gnoll hits you from afar with a +0 spear.
You block the gnoll's attack.
You take 2 damage, and have 14/40 hp.
You barely miss the gnoll.
The gnoll hits you from afar with a +0 spear!
* * * LOW HITPOINT WARNING * * *
You block the gnoll's attack.
You take 7 damage, and have 7/40 hp.
You closely miss the gnoll. You block the gnoll's attack.
The gnoll hits you with a +0 flail.
* * * LOW HITPOINT WARNING * * *
The gnoll hits you from afar with a +0 spear.
* * * LOW HITPOINT WARNING * * *
You take 5 damage, and have 2/40 hp.
Unknown command.
You hit the gnoll.
You kill the gnoll!
The gnoll hits you from afar with a +0 spear.
You die...

. #####.# ..
.....# #.##.#..#
#.......#
#.......#
#.......#
#.#..#<.# ####.
#.......##......
#.#.....@)......
........##g.....
#..#.##..# ####.
#........#
#.##.##.## # #.#
#. ..


You could see a gnoll.

Vanquished Creatures
  2 gnolls (D:3)
  An adder (D:2)
  An ooze (D:1)
  A worm (D:2)
  A leopard gecko (D:1)
  4 giant cockroaches
  8 goblins
  2 hobgoblins (D:2)
  4 jackals
  10 bats
  3 frilled lizards (D:1)
  7 kobolds
  9 rats
53 creatures vanquished.

Notes
Turn   | Place    | Note
-------+----------+-------------------------------------------
     0 | D:1      | Firecrotchwizard the Hill Orc Fighter began the quest for
                  | the Orb.
     0 | D:1      | Reached XP level 1. HP: 19/19 MP: 1/1
   102 | D:1      | Reached skill level 3 in Axes
   140 | D:1      | Reached XP level 2. HP: 27/27 MP: 2/2
   775 | D:1      | Reached XP level 3. HP: 33/33 MP: 3/3
   854 | D:1      | Reached skill level 4 in Fighting
  1068 | D:2      | Found a hazy altar of Hepliaklqana.
  1106 | D:2      | Found an ornate altar of the Wu Jian Council.
  1190 | D:2      | Reached skill level 4 in Axes
  1234 | D:2      | Found a faded altar of an unknown god.
  1493 | D:2      | Reached XP level 4. HP: 40/40 MP: 4/4
  1708 | D:3      | HP: 7/40 [gnoll/+0 spear (7)]
  1709 | D:3      | HP: 2/40 [gnoll/+0 spear (4)]
  1710 | D:3      | Slain by a gnoll

Levels and vault maps discovered:
D:1:      dpeg_arrival_subterranean_lakeside_camping, layout_basic,
          corexii_corridor_pit, roderic_lattice_a, minmay_tromino_v4_a
D:2:      layout_loops_ring, old_standard_altar, nicolae_overflow_crystal_walls,
          chequers_ecumenical_altar_simple
D:3:      layout_loops_cross

Skill      XL: |  1  2  3 |
---------------+----------+-----
Axes           | 3 4 |  4.4
Fighting       | 4 |  4.3
Armour         | |  3.8
Shields        | |  3.9

Action                   |  1- 3 |  4- 6 || total
-------------------------+-------+-------++-------
Melee: War axe           |   139 |    35 ||   174
  Eat: Chunk             |     2 |     1 ||     3
Armor: Scale mail        |    71 |    10 ||    81
Dodge: Dodged            |    42 |    17 ||    59
Block: Kite shield       |    68 |    23 ||    91

Table legend:
 A = Non-vault XP
 B = Vault XP
 C = Vault XP percentage of total XP
 D = Non-vault monster count
 E = Vault monster count
 F = Vault count percentage of total count
                 A         B        C        D         E       F
            +---------+---------+-------+---------+---------+-------
      Total |     114 |      16 |  12.3 |      43 |      10 |  18.9
            +---------+---------+-------+---------+---------+-------
        D:1 |      39 |      16 |  29.1 |      23 |      10 |  30.3
        D:2 |      43 |       0 |   0.0 |      16 |       0 |   0.0
        D:3 |      32 |       0 |   0.0 |       4 |       0 |   0.0
            +---------+---------+-------+---------+---------+-------

Levels and vault maps discovered:
D:1:      dpeg_arrival_subterranean_lakeside_camping, layout_basic,
          corexii_corridor_pit, roderic_lattice_a, minmay_tromino_v4_a
D:2:      layout_loops_ring, old_standard_altar, nicolae_overflow_crystal_walls,
          chequers_ecumenical_altar_simple
D:3:      layout_loops_cross

Table legend:
 A = Turns spent in this place as a percentage of turns spent in the entire game.
 B = Non-inter-level travel turns spent in this place as a percentage of non-inter-level travel turns spent in the entire game.
 C = Inter-level travel turns spent in this place as a percentage of turns spent in this place.
 D = Turns resting spent in this place as a percentage of non-inter-level travel turns spent in this place.
 E = Turns spent auto-exploring this place as a percentage of non-inter-level travel turns spent in this place.
 F = Non-inter-level travel turns spent in this place divided by the number of levels of this place that you've seen.
                   A       B       C       D       E      F
               +-------+-------+-------+-------+-------+----------------------
         Total | 100.0 | 100.0 |   2.0 |   0.0 |  81.3 | 558.7
       Dungeon | 100.0 | 100.0 |   2.0 |   0.0 |  81.3 | 558.7
               +-------+-------+-------+-------+-------+----------------------

Table legend:
 A = Kills in this place as a percentage of kills in entire the game.
 B = Kills by you in this place as a percentage of kills by you in the entire game.
 C = Kills by friends in this place as a percentage of kills by friends in the entire game.
 D = Other kills in this place as a percentage of other kills in the entire game.
 E = Experience gained in this place as a percentage of experience gained in the entire game.
 F = Experience gained in this place divided by the number of levels of this place that you have seen.
                   A       B       C       D       E      F
               +-------+-------+-------+-------+-------+----------------------
         Total | 100.0 | 100.0 |   N/A |   N/A | 100.0 |  43.3
       Dungeon | 100.0 | 100.0 |   N/A |   N/A | 100.0 |  43.3
               +-------+-------+-------+-------+-------+----------------------
